 Dungeon Crawl Stone Soup version 0.11.0-9-gb634444 (webtiles) character file.

152 becking the Magician (level 3, -1/15 HPs)
             Began as a Spriggan Wizard on Nov 1, 2012.
             Slain by a worm (7 damage)
             ... on Level 3 of the Dungeon.
             The game lasted 00:08:08 (1853 turns).

becking the Magician (Spriggan Wizard)              Turns: 1853, Time: 00:08:08

HP  -1/15        AC  2     Str  4      XL: 3   Next: 67%
MP   5/14        EV 18     Int 19      God:
Gold 102         SH  0     Dex 14      Spells:  2 memorised,  8 levels left

Res.Fire  : . . .   See Invis. : +   (no weapon)
Res.Cold  : . . .   Warding    : .   a - +0 robe
Life Prot.: . . .   Conserve   : .   (shield restricted)
Res.Poison: .       Res.Corr.  : .   b - +0 wizard hat
Res.Elec. : .       Clarity    : .   (no cloak)
Sust.Abil.: . .     Spirit.Shd : .   (gloves unavailable)
Res.Mut.  : .       Stasis     : .   (boots unavailable)
Res.Rott. : .       Ctrl.Telep.: .   (no amulet)
Saprovore : . . .   Levitation : .   (no ring) Ctrl.Flight: .
                                     (no ring)

@: very quick, slightly resistant to hostile enchantments, stealthy
A: unfitting armour, see invisible, herbivore 3, speed 3, slow metabolism 2
a: no special abilities


You were on level 3 of the Dungeon.
You were not hungry.

You visited 1 branch of the dungeon, and saw 3 of its levels.

You collected 82 gold pieces.

Inventory:

Hand weapons
 n - a +1,+2 dagger of electrocution (quivered)
Missiles
 r - 3 darts of flame
Armour
 a - a +0 robe (worn)
 b - a +0 wizard hat (worn)
Comestibles
 i - a banana
 j - 2 pears
 s - an apple
Scrolls
 e - 3 scrolls of remove curse {unknown}
 f - a scroll of fog {unknown}
 g - 2 scrolls of curse jewellery {unknown}
 h - 2 scrolls of teleportation {unknown}
 l - a scroll of identify {unknown}
 o - a scroll of enchant weapon I {unknown}
 q - a scroll of enchant armour {unknown}
 t - a scroll of fear {unknown}
Potions
 d - a potion of porridge
 k - a potion of levitation {unknown}
 m - a potion of blood {unknown}
 p - 5 potions of curing {unknown}
Books
 c - a book of Minor Magic

   Spells                             Type                      Level
   *Magic Dart                        Conjuration                  1
   Blink                              Translocation                2
   Call Imp                           Summoning                    2
   Repel Missiles                     Charms/Air                   2
   Slow                               Hexes                        2
   Conjure Flame                      Conjuration/Fire             3
   *Mephitic Cloud                    Conjuration/Poison/Air       3


   Skills:
 - Level 3.0 Dodging
 - Level 3.0 Stealth
 + Level 5.3 Spellcasting
 + Level 1.3 Conjurations
   Level 0.7 Summonings
   Level 1.5 Translocations


You had 8 spell levels left.
You knew the following spells:

 Your Spells              Type           Power        Failure   Level  Hunger
a - Magic Dart            Conj           ###..        10%         1    None
b - Mephitic Cloud        Conj/Pois/Air  ##.......    34%         3    ##.....


Dungeon Overview and Level Annotations

Branches:
Dungeon (3/27)

Altars:


Innate Abilities, Weirdness & Mutations

You are tiny and cannot use many weapons and most armour.
You have supernaturally acute eyesight.
You are a herbivore.
You cover ground extremely quickly.
You need consume almost no food.


Message History

Aim: a worm (heavily wounded)
The magic dart hits the worm.
The worm is severely wounded.
The worm bites you.
Casting: Magic Dart
Confirm with . or Enter, or press ? or * to list all spells.
Aiming: Magic Dart
Press: ? - help, Shift-Dir - straight line, f/p - worm
Aim: a worm (severely wounded)
The magic dart hits the worm.
The worm is severely wounded.
Casting: Magic Dart
Confirm with . or Enter, or press ? or * to list all spells.
Aiming: Magic Dart
Press: ? - help, Shift-Dir - straight line, f/p - worm
Aim: a worm (severely wounded)
The magic dart hits the worm.
The worm is severely wounded.
The worm bites you!
You die...

.########..# #
........#..# ..
##..###.#..# .#
.#..# #.#..# .#
...<# #.#..# .#
#######.#).# .#
...........# .#
#######.##.######w#
#.##......@.#
#.########### #.#
#.# #.# #######.#
........# #########


You could see a worm.

Vanquished Creatures
  2 adders (D:2)
  7 bats
  5 goblins
  2 hobgoblins
  3 jackals
  2 giant cockroaches (D:1)
  4 giant newts
  3 kobolds
  5 rats
33 creatures vanquished.

Notes
Turn   | Place    | Note
--------------------------------------------------------------
     0 | D:1      | becking, the Spriggan Wizard, began the quest for the Orb.
     0 | D:1      | Reached XP level 1. HP: 7/7 MP: 7/7
   239 | D:1      | Reached XP level 2. HP: 11/11 MP: 8/10
   947 | D:2      | Reached skill level 5 in Spellcasting
   998 | D:2      | Reached skill level 1 in Conjurations
   998 | D:2      | Reached XP level 3. HP: 10/15 MP: 1/13
  1561 | D:2      | Learned a level 3 spell: Mephitic Cloud
  1853 | D:3      | Slain by a worm
